 Dungeon Crawl Stone Soup version 0.26-a0-639-g72c4674329 (webtiles) character file.

Game seed: 1867730855172538327

31497 Lanoc the Unseen (level 13, -8/70 HPs)
             Began as a Spriggan Delver on Sept 19, 2020.
             Was the Champion of Zin.
             Mangled by an orc warrior
             ... wielding a +0 halberd
              (21 damage)
             ... on level 1 of the Orcish Mines.
             The game lasted 00:58:28 (25237 turns).

Lanoc the Unseen (Spriggan Delver)                 Turns: 25237, Time: 00:58:28

Health: -8/70      AC:  2    Str:  8    XL:     13   Next: 26%
Magic:  42/42      EV: 34    Int: 13    God:    Zin [******]
Gold:   1683       SH:  0    Dex: 21    Spells: 12/12 levels left

rFire    . . .     SeeInvis +   a - +1 dagger (venom)
rCold    + . .     Faith    +   (shield restricted)
rNeg     . . .     Spirit   .   y - +0 robe {rC+}
rPois    .         Reflect  .   (helmet restricted)
rElec    .         Harm     .   (no cloak)
rCorr    .         Rampage  .   (gloves unavailable)
MR       ++...                  (boots unavailable)
Stlth    ++++++....             k - amulet of faith
HPRegen  0.21/turn              j - ring of magical power
MPRegen  0.28/turn              p - ring of magical power

@: very quick
A: very small, unfitting armour, repulsion field 1, see invisible, speed 3
a: Recite, Vitalisation, Imprison, Sanctuary, Donate Gold, Renounce Religion


You were on level 1 of the Orcish Mines.
You worshipped Zin.
Zin was exalted by your worship.
You visited 3 branches of the dungeon, and saw 17 of its levels.
You visited 1 bazaar.
You also visited: Ossuary and Ice Cave.

You collected 1790 gold pieces.
You donated 107 gold pieces to Zin.

Inventory:

Hand Weapons
 a - a +1 dagger of venom (weapon)
 b - a +1 dagger of flaming
 O - the +11 quarterstaff of Ashenzari's Supremacy {antimagic, MR+ Int+3}
   (You found it on level 13 of the Dungeon)

   It reduces the magical energy of the wielder, and disrupts the spells and
   magical abilities of those hit.
   Natural abilities and divine invocations are not affected.
   It affects your intelligence (+3).
   It affects your resistance to hostile enchantments.
Missiles
 r - 65 poisoned darts
 s - 4 throwing nets
 N - 2 curare-tipped darts (quivered)
Armour
 y - a +0 robe of cold resistance (worn)
 J - a +2 buckler
Jewellery
 h - an uncursed ring of flight
 j - a ring of magical power (left hand)
 k - an amulet of faith (around neck)
 p - a ring of magical power (right hand)
Wands
 g - a wand of digging (2)
 o - a wand of flame (3)
 A - a wand of acid (8)
 F - a wand of disintegration (22)
 H - a wand of enslavement (14)
 M - a wand of iceblast (24)
Scrolls
 c - 2 scrolls of fog
 d - 4 scrolls of magic mapping
 e - a scroll of silence
 i - 12 scrolls of remove curse
 m - 6 scrolls of teleportation
 q - 2 scrolls of immolation
 t - 5 scrolls of enchant weapon
 w - a scroll of identify
 x - 3 scrolls of enchant armour
Potions
 f - 3 potions of haste
 l - 2 potions of might
 n - 2 potions of flight
 u - a potion of berserk rage
 v - 3 potions of stabbing
 z - 2 potions of degeneration
 B - 2 potions of cancellation
 C - 2 potions of resistance
 D - 2 potions of magic
 E - 2 potions of heal wounds
 G - a potion of invisibility
 I - 4 potions of brilliance
 K - a potion of ambrosia
 L - 2 potions of curing


   Skills:
 + Level 9.4 Fighting
 - Level 2.1 Short Blades
 + Level 14.6 Dodging
 - Level 15.0 Stealth
 * Level 14.2 Invocations


You had 12 spell levels left.
You didn't know any spells.
Your spell library contained the following spells:

 Spells                   Type           Power        Failure   Level
 Animate Dead             Necr           #.........   97%         4
 Ice Form                 Ice/Tmut       #.......     97%         4
 Leda's Liquefaction      Hex/Erth       #.........   97%         4
 Bolt of Magma            Conj/Fire/Erth #.........   100%        5
 Borgnjor's Vile Clutch   Necr/Erth      #.........   100%        5
 Iskenderun's Battlesphe  Conj           #.......     100%        5
 Metabolic Englaciation   Hex/Ice        #.........   100%        5
 Death Channel            Necr           #.........   100%        6
 Freezing Cloud           Conj/Ice/Air   #.........   100%        6
 Iron Shot                Conj/Erth      #.........   100%        6
 Ozocubu's Refrigeration  Ice            #.........   100%        6
 Simulacrum               Ice/Necr       #.........   100%        6
 Statue Form              Tmut/Erth      #........    100%        6
 Orb of Destruction       Conj           #.........   100%        7
 Spellforged Servitor     Conj/Summ      #.........   100%        7
 Shatter                  Erth           #.........   100%        9


Dungeon Overview and Level Annotations

Branches:
Dungeon (15/15)            Temple (1/1) D:4            Lair (0/6) D:8
    Orc (2/2) D:9          Vaults (0/5) D:13         Depths (0/5) D:15
Ossuary (visited)           IceCv (visited)
    Elf: Orc:2

Altars:
Ashenzari
Fedhas
Gozag
Hepliaklqana
Kikubaaqudgha
Makhleb
Okawaru
Qazlal
Trog
Uskayaw
Vehumet
Wu Jian
Xom
Zin
Beogh

Shops:
D:4 }   D:8 *   D:14 !   Orc:2 *!*

Annotations:
D:6 exclusion: statue
D:9 3 runed translucent doors
Orc:1 2 runed translucent doors, exclusion: orange crystal statue, Fannar
Orc:2 3 runed translucent doors, exclusion: obsidian statue, Maurice


Innate Abilities, Weirdness & Mutations

You are very small and have problems with some larger weapons.
You are too small for most types of armour.
You have supernaturally acute eyesight. (SInv)
You cover ground extremely quickly.
You are surrounded by a mild repulsion field. (EV +2)


Message History

There is a stone staircase leading up, spattered with blood here.
The orc warrior barely misses you.
You climb upwards.
Level annotation: 2 runed translucent doors, exclusion: orange crystal statue, Fannar The orange crystal statue glitters topaz in the dim dungeon light.
There is a stone staircase leading down here.
You are ready to recite again.
You clear your throat and prepare to recite. "Damned, damned be the servants of Hell and..."
The orc warrior is driven mad by the wrath of Zin! "...all else who abandon reverence!
Let them..." "...be purified by the jurisprudence of Zin!"
You finish reciting Anathema 8:2.
The orc warrior completely misses you.
You hit the orc warrior but do no damage.
The orc warrior is poisoned.
You hit the orc warrior but do no damage.
The orc warrior looks as sick as possible!
The orc warrior hits you with a +0 halberd!!
You die...

### ### ### ###### ##
##.####.#####.####.#..#####.
#...##...#.#.(.##......#.#..
##..##......o...##..........
#.........@.......#########
##..##........[....#8..$.. #
#...####......)...[#.#...#.#
#...# #.....<>....#.......#
##..#####.[..[.....+...[...+
#...##..[.[.......#.......#
##........).......#.#...#.#
##.)..............# ..... #
#.....[...........#########


You could see an orc warrior (mad, mute, extremely poisoned).

Vanquished Creatures
  Nessos (Orc:2)
  A vault guard (D:13)
  Harold (Orc:1)
  3 death yaks (D:8)
  Erica (D:11)
  3 two-headed ogres
  Urug (Orc:2)
  Sonja (D:13)
  An unseen horror (D:12)
  A wizard (D:14)
  3 ugly things
  2 orc knights
  4 cyclopes
  A manticore (D:11)
  A deep elf mage (D:14)
  3 ice statues (IceCv)
  A gargoyle (D:11)
  A cane toad (shapeshifter) (D:13)
  A komodo dragon (D:14)
  4 trolls
  Grinder (D:5)
  3 hippogriffs
  Sigmund (D:2)
  8 yaks
  A shadow (D:13)
  A vampire (D:14)
  6 humans (D:13)
  A steam dragon (D:12)
  4 vampire mosquitoes (D:13)
  4 wargs
  A water moccasin (D:14)
  A porcupine (D:8)
  An eye of draining (D:13)
  3 sky beasts
  16 orc warriors
  6 phantoms
  A black bear (D:6)
  8 ice beasts
  2 necrophages
  16 ogres
  7 centaurs
  6 elf zombies
  10 big kobolds
  7 bullfrogs
  5 gnoll sergeants (D:9)
  2 elf skeletons (D:6)
  5 scorpions
  20 killer bees
  3 howler monkeys
  4 centaur zombies
  7 hounds
  5 human zombies
  A bullfrog zombie (D:13)
  2 jellies
  18 orc priests
  23 orc wizards
  3 centaur skeletons
  A human skeleton (D:6)
  4 iguanas
  A hell rat (D:8)
  13 worker ants
  A hound skeleton (D:6)
  3 mummies (Ossuary)
  3 worker ant zombies
  24 gnolls
  12 adders
  A shadow imp (D:5)
  3 white imps
  4 oozes
  4 adder skeletons
  4 worms
  2 leopard geckos
  117 orcs
  4 giant cockroaches
  7 goblins
  11 hobgoblins
  7 jackals
  27 kobolds
  8 quokkas
  A bat (D:2)
  5 frilled lizards
  An orc zombie (D:6)
  2 quokka skeletons
  5 rats
  3 pillars of salt
526 creatures vanquished.

Vanquished Creatures (others)
  A vault guard (D:13)
  4 humans (D:13)
  An orc warrior (D:12)
  4 bullfrogs
  A howler monkey (D:6)
  A hound (D:6)
  An orc wizard (D:6)
  An orc (D:12)
  2 jackals (D:6)
  7 fungi
  5 pillars of salt (D:13)
  106 plants
134 creatures vanquished.

Grand Total: 660 creatures vanquished

Notes
Turn   | Place    | Note
-------+----------+-------------------------------------------
     0 | D:5      | Lanoc the Spriggan Delver began the quest for the Orb.
     0 | D:5      | Reached XP level 1. HP: 11/11 MP: 2/2
     1 | D:5      | Found a glowing silver altar of Zin.
     5 | D:5      | Became a worshipper of Zin the Law-Giver
   107 | D:5      | Noticed a sky beast
   301 | D:4      | Reached XP level 2. HP: 15/16 MP: 3/3
   604 | D:4      | Found a staircase to the Ecumenical Temple.
   605 | D:4      | Noticed an ogre
   626 | D:4      | Reached skill level 8 in Stealth
   626 | D:4      | Reached XP level 3. HP: 19/19 MP: 4/4
   882 | D:2      | Noticed Sigmund
   941 | D:2      | Killed Sigmund
   941 | D:2      | Reached skill level 9 in Stealth
   941 | D:2      | Reached XP level 4. HP: 3/24 MP: 6/6
   941 | D:2      | Reached XP level 5. HP: 4/28 MP: 7/7
  1207 | D:2      | Reached * piety under Zin
  1251 | D:2      | Found a hide-covered altar of Uskayaw.
  1251 | D:2      | Found a burning altar of Makhleb.
  1820 | D:3      | Reached XP level 6. HP: 28/32 MP: 8/8
  1893 | D:3      | Found a shattered altar of Ashenzari.
  2045 | D:4      | Found a stormy altar of Qazlal.
  2045 | D:4      | Found a blossoming altar of Fedhas.
  2047 | D:4      | Reached ** piety under Zin
  2059 | D:4      | Reached skill level 5 in Dodging
  2787 | D:3      | Reached skill level 10 in Stealth
  2801 | D:3      | Reached XP level 7. HP: 32/36 MP: 10/10
  3185 | D:3      | Reached *** piety under Zin
  3434 | D:4      | Found Sykif's Gadget Shoppe.
  3548 | Temple   | Entered the Ecumenical Temple
  3799 | D:5      | Noticed Grinder
  4011 | D:5      | Reached skill level 5 in Invocations
  4013 | D:5      | Reached XP level 8. HP: 12/41 MP: 12/12
  4276 | D:5      | Killed Grinder
  4839 | D:6      | Found a sand-covered staircase.
  4845 | Ossuary  | Entered an ossuary
  4873 | Ossuary  | Reached **** piety under Zin
  5448 | Ossuary  | Gained mutation: You are surrounded by a mild repulsion
                  | field. (EV +2) [potion of mutation]
  5584 | Ossuary  | Reached skill level 11 in Stealth
  6294 | D:6      | Reached skill level 5 in Fighting
  6294 | D:6      | Reached XP level 9. HP: 26/47 MP: 15/15
  7304 | D:6      | Found a shimmering altar of Xom.
  7945 | D:6      | Reached skill level 12 in Stealth
  8015 | D:6      | Found an ornate altar of the Wu Jian Council.
  8058 | D:6      | Found a radiant altar of Vehumet.
  9897 | D:7      | Reached skill level 13 in Stealth
 10565 | D:7      | Reached ***** piety under Zin
 10723 | D:7      | Found a blossoming altar of Fedhas.
 10974 | D:8      | Found a hazy altar of Hepliaklqana.
 11054 | D:8      | Noticed a death yak
 11055 | D:8      | Found a staircase to the Lair.
 11055 | D:8      | Noticed a death yak
 11059 | D:8      | Noticed a death yak
 11063 | D:8      | Killed a death yak
 11063 | D:8      | Reached XP level 10. HP: 53/53 MP: 17/17
 11210 | D:8      | HP: 2/53 [killer bee (9)]
 11218 | D:8      | Zin protects you from harm!
 11561 | D:8      | Found Abbieddo's General Store.
 11767 | D:8      | Killed a death yak
 11767 | D:8      | Reached skill level 10 in Dodging
 11767 | D:8      | Reached skill level 14 in Stealth
 11906 | D:8      | Killed a death yak
 12632 | D:9      | Noticed a two-headed ogre
 12665 | D:9      | Killed a two-headed ogre
 12744 | D:9      | Found a bloodstained altar of Trog.
 12777 | D:9      | Found a runed translucent gate.
 12778 | D:9      | Found a runed translucent gate.
 12779 | D:9      | Found a runed translucent gate.
 12797 | D:9      | Noticed a purple ugly thing
 12798 | D:9      | Reached skill level 15 in Stealth
 12815 | D:9      | Noticed a glowing orange brain
 12815 | D:9      | Noticed a cyan ugly thing
 12816 | D:9      | Noticed a purple ugly thing
 12818 | D:9      | Noticed a red ugly thing
 13089 | D:9      | Reached XP level 11. HP: 35/54 MP: 19/19
 13100 | D:9      | Reached skill level 10 in Invocations
 14291 | D:9      | Found a staircase to the Orcish Mines.
 14530 | D:10     | Entered Level 10 of the Dungeon
 14553 | D:10     | Reached ****** piety under Zin
 16127 | D:11     | Noticed Erica
 16149 | D:11     | Killed Erica
 16162 | D:11     | You fall into a shaft and drop 1 floor!
 16394 | D:12     | Noticed a two-headed ogre
 16412 | D:12     | You fall into a shaft and drop 3 floors!
 16412 | D:15     | Entered Level 15 of the Dungeon
 16454 | D:15     | Found a flickering gateway to a bazaar.
 16459 | Bazaar   | Entered a bazaar
 16459 | Bazaar   | Found Naomie's Gadget Boutique.
 16459 | Bazaar   | Found Qenoub's Gadget Shoppe.
 16459 | Bazaar   | Found Kirinon's Jewellery Shop.
 16459 | Bazaar   | Found Vatuih's Gadget Shoppe.
 16491 | Bazaar   | Found Axkem's General Store.
 16579 | D:13     | Noticed Sonja
 16580 | D:13     | Killed Sonja
 16596 | D:13     | Found a frozen archway.
 16614 | IceCv    | Entered an ice cave
 16657 | IceCv    | Noticed a white ugly thing
 16662 | IceCv    | Noticed a white ugly thing
 16683 | IceCv    | Killed a white ugly thing
 16695 | IceCv    | Killed a white ugly thing
 17896 | D:12     | Reached XP level 12. HP: 41/64 MP: 22/22
 18553 | D:12     | Found a roughly hewn altar of Beogh.
 19226 | D:11     | HP: 3/65 [manticore (17)]
 19413 | D:11     | Noticed a two-headed ogre
 19432 | D:11     | Killed a two-headed ogre
 20585 | D:12     | Killed a two-headed ogre
 20862 | D:13     | Killed a vault guard
 21091 | D:13     | Noticed a vault guard
 21157 | D:13     | Killed a vault guard
 21488 | D:14     | Noticed a centaur warrior
 21498 | D:14     | Noticed a two-headed ogre
 22761 | D:13     | Found a gate to the Vaults.
 22917 | D:13     | Got a pitted quarterstaff
 22917 | D:13     | Identified the +11 quarterstaff of Ashenzari's Supremacy
                  | {antimagic, MR+ Int+3} (You found it on level 13 of the
                  | Dungeon)
 23302 | D:14     | Found Onwayts's Distillery.
 23321 | D:13     | Reached XP level 13. HP: 39/70 MP: 24/24
 23585 | Orc:1    | Entered Level 1 of the Orcish Mines
 23585 | Orc:1    | Found a runed translucent door.
 23590 | Orc:1    | Noticed Harold
 24189 | Orc:1    | Killed Harold
 24200 | Orc:1    | Found the +10 tower shield of Ignorance {rN+ Int-4}
 24604 | Orc:1    | Found a runed translucent door.
 24671 | Orc:2    | Entered Level 2 of the Orcish Mines
 24839 | Orc:2    | Noticed Urug
 24852 | Orc:2    | Killed Urug
 24855 | Orc:2    | Found a runed translucent gate.
 24891 | Orc:2    | Found a runed translucent gate.
 24891 | Orc:2    | Found a runed translucent gate.
 24892 | Orc:2    | Found an opulent altar of Gozag.
 24968 | Orc:2    | Found Ekhlo's Assorted Antiques.
 24968 | Orc:2    | Noticed a stone giant
 25043 | Orc:2    | Found a bloodstained altar of Trog.
 25082 | Orc:2    | Noticed Nessos
 25111 | Orc:2    | Killed Nessos
 25139 | Orc:2    | Found Couxkaom's Distillery.
 25140 | Orc:2    | Found Loleoh's General Store.
 25140 | Orc:2    | Noticed Maurice
 25199 | Orc:1    | Noticed Fannar
 25237 | Orc:1    | Mangled by an orc warrior

Illustrated notes

Levels and vault maps discovered:
D:2:      kennysheep_big_flooded_room, layout_loops_ring, cheibriados_altar_1,
          grunt_temple_overflow_open, uniq_sigmund
D:3:      layout_rooms, ashenzari_altar_1
D:4:      wad_woods_settlement, layout_basic,
          grunt_temple_overflow_forces_of_nature,
          minmay_temple_entry_statues_fountains, serial_shops, kennysheep_mini,
          minmay_misc_feat_nine_boxes, minmay_circle_x
D:5:      layout_cave_pools, zin_treasury, uniq_grinder
D:6:      layout_loops_ring, vehumet_statue, marbit_many_paths,
          xom_confusion_cloud, nicolae_ossuary_entry_catacombs
D:7:      kennysheep_housing_project, layout_loops_ring,
          minmay_misc_feat_secret_circle, fedhas_altar_3
D:8:      layout_loops_ring, lemuel_doored_altar, dpeg_lair_monsters,
          serial_shops, shop
D:9:      layout_roguey, kennysheep_orc_monster_closet_entryway,
          ploomutoo_gammafunk_ghost_potion_laboratory, trog_three_pillars_becter
D:10:     layout_basic
D:11:     layout_roguey [special_room_orc], serial_corexii_hall,
          chequers_hall_statues_y, chequers_hall_statues_corner_a, uniq_erica
D:12:     layout_roguey [special_room_orc], minivault_16,
          hangedman_decor_riveting
D:13:     layout_rooms, ximxim_vaults_locker_room,
          portal_ice_cave_entry_pillars_2, uniq_sonja
D:14:     layout_roguey, serial_shops, shop, abandoned_shop
D:15:     grunt_enter_depths_snipers, layout_loops_cross, serial_shops,
          bzr_entry_road
Temple:   chequers_temple_sunken
Orc:1:    layout_caves, chequers_guarded_unrand_ignorance, uniq_fannar,
          uniq_harold
Orc:2:    pf_orc_diabolical, layout_caves, ebering_ghost_gozag, bloody_trog,
          uniq_nessos, uniq_maurice, uniq_urug

Skill      XL: |  1  2  3  4  5  6  7  8  9 10 11 12 13 |
---------------+----------------------------------------+-----
Stealth        | 8 9 10 11 13 15 | 15.0
Dodging        | 4 5 6 8 9 10 12 14 | 14.6
Fighting       | 3 4 5 6 7 9 |  9.4
Invocations    | 2 3 5 6 8 9 12 13 14 | 14.2
Short Blades   | |  2.1

Action                   |  1- 3 |  4- 6 |  7- 9 | 10-12 | 13-15 || total
-------------------------+-------+-------+-------+-------+-------++-------
Melee: Short sword       |    62 |    19 |       |       |       ||    81
       Dagger            |       |   151 |   883 |  1219 |   181 ||  2434
       Scimitar          |       |       |       |    75 |       ||    75
Throw: Dart              |    14 |       |       |   188 |       ||   202
Invok: Recite            |       |     1 |    46 |    61 |    15 ||   123
       Vitalisation      |       |       |       |     1 |       ||     1
Evoke: Wand              |     1 |       |       |     4 |     1 ||     6
  Use: Potion            |     2 |       |     9 |     7 |       ||    18
       Scroll            |       |       |     3 |    21 |       ||    24
 Stab: Sleeping          |     8 |    10 |    28 |    34 |     4 ||    84
       Distracted        |       |       |     5 |     8 |       ||    13
       Confused          |       |       |     4 |    28 |    12 ||    44
       Invisible         |       |       |     2 |     2 |       ||     4
       Paralysed         |       |       |     2 |    24 |    11 ||    37
Armor: Robe              |     4 |     9 |    22 |    25 |     5 ||    65
       Skin              |       |       |     9 |       |       ||     9
Dodge: Dodged            |    51 |   124 |   683 |  1354 |   183 ||  2395
       Rpst.: Scimitar   |       |       |       |    39 |       ||    39

Table legend: (Time is in decaauts)
 A = Elapsed time spent in this place.
 B = Non-inter-level travel time spent in this place.
 C = Inter-level travel time spent in this place.
 D = Time resting spent in this place.
 E = Time spent auto-exploring this place.
 F = Levels seen in this place.
 G = Mean time per level.
                   A        B        C        D        E       F      G
               +--------+--------+--------+--------+--------+-----+--------+
         Total |  20885 |  20497 |    388 |   3411 |  11420 |  20 | 1044.2 |
       Dungeon |  17924 |  17543 |    381 |   2383 |  10713 |  14 | 1280.3 |
        Temple |      1 |      1 |      0 |      0 |      0 |   1 |    1.0 |
  Orcish Mines |    722 |    715 |      7 |    135 |    296 |   2 |  361.0 |
        Bazaar |     73 |     73 |      0 |      0 |     55 |   1 |   73.0 |
       Ossuary |   1174 |   1174 |      0 |    450 |    177 |   1 | 1174.0 |
      Ice Cave |    988 |    988 |      0 |    442 |    177 |   1 |  988.0 |
               +--------+--------+--------+--------+--------+-----+--------+

Top non-repeatable levels by time:
     D:9: 2254 daAuts
     D:6: 2166 daAuts
    D:13: 1938 daAuts
     D:7: 1798 daAuts
    D:11: 1644 daAuts
    D:12: 1352 daAuts
     D:8: 1315 daAuts
     D:4: 1235 daAuts
 Ossuary: 1174 daAuts
     D:5: 1130 daAuts
   IceCv: 988 daAuts
     D:2: 867 daAuts
    D:10: 814 daAuts
     D:3: 760 daAuts
    D:14: 606 daAuts
